 Dungeon Crawl Stone Soup version 0.23-b1-6-ga921848 (webtiles) character file.

Game seed: 1592240084875719423

835 Kairos the Chopper (level 7, -2/36 HPs)
             Began as a Vine Stalker Fighter on Feb 2, 2019.
             Was a Follower of Okawaru.
             Succumbed to Sigmund's poison
             ... on level 6 of the Dungeon.
             The game lasted 00:05:39 (4555 turns).

Kairos the Chopper (Vine Stalker Fighter)           Turns: 4555, Time: 00:05:40

Health: -2/36      AC: 10    Str: 20    XL:     7   Next: 99%
Magic:  7/8        EV:  6    Int:  8    God:    Okawaru [*.....]
Gold:   172        SH: 15    Dex: 14    Spells: 6/6 levels left

rFire    + . .     SeeInvis .   a - +1 war axe
rCold    . . .     Gourm    .   c - +0 shield
rNeg     . . .     Faith    .   p - +0 chain mail
rPois    .         Spirit   +   (no helmet)
rElec    .         Reflect  +   (no cloak)
rCorr    .         Harm     .   (no gloves)
MR       .....                  r - +0 pair of boots
Stlth    ..........             k - +5 amulet of reflection
HPRegen  0.52/turn              g - ring of protection from fire
MPRegen  0.11/turn              (no ring)

@: lethally poisoned (-2 -> -19)
A: fangs 2, regeneration 1, magic shield, antimagic bite, no potion heal 3, rot
immunity
a: Heroism, Renounce Religion


You were on level 6 of the Dungeon.
You worshipped Okawaru.
Okawaru was aware of your devotion.
You were not hungry.

You visited 2 branches of the dungeon, and saw 7 of its levels.

You collected 172 gold pieces.

Inventory:

Hand Weapons
 a - a +1 war axe (weapon)
Missiles
 o - 7 curare-tipped needles
Armour
 b - a +0 scale mail
 c - a +0 shield (worn)
 p - a +0 chain mail (worn)
 r - a +0 pair of boots (worn)
Jewellery
 g - a ring of protection from fire (left hand)
 k - a +5 amulet of reflection (around neck)
 v - an uncursed amulet of harm
Wands
 j - a wand of random effects (28)
Scrolls
 e - a scroll of fog
 i - 2 scrolls of remove curse
 l - 2 scrolls of fear
 m - 2 scrolls of magic mapping
 q - a scroll of teleportation
 u - a scroll of blinking {unknown}
 x - a scroll of immolation {unknown}
Potions
 d - a potion of might
 h - 4 potions of haste {unknown}
 t - a potion of flight {unknown}
 w - a potion of degeneration {unknown}
Comestibles
 f - 6 rations
 n - a chunk of flesh


   Skills:
 + Level 3.5 Fighting
 * Level 5.8 Axes
 + Level 3.5 Armour
 + Level 1.0 Dodging
 + Level 1.0 Stealth
 + Level 4.5 Shields


You had 6 spell levels left.
You didn't know any spells.
Your spell library contained the following spells:

 Spells                   Type           Power        Failure   Level  Hunger
 Corona                   Hex            #......      100%        1    ##.....
 Ensorcelled Hibernation  Hex/Ice        #.....       100%        2    ###....
 Confuse                  Hex            #.......     100%        3    ####...
 Dazzling Spray           Conj/Hex       #.....       100%        3    ####...
 Tukima's Dance           Hex            #.......     100%        3    ####...


Dungeon Overview and Level Annotations

Branches:
Dungeon (6/15)             Temple (1/1) D:4

Altars:
Ashenzari
Cheibriados
Dithmenos
Elyvilon
Gozag
Hepliaklqana
Kikubaaqudgha
Makhleb
Okawaru
Qazlal
Ru
Sif Muna
Vehumet
Wu Jian
Yredelemnul
Zin
The Shining One
Lugonu

Shops:
D:5 %


Innate Abilities, Weirdness & Mutations

You have extremely sharp teeth.
Your natural rate of healing is unusually fast.
When hurt, damage is shared between your health and your magic reserves.
Your bite disrupts and absorbs the magic of your enemies.
Potions cannot restore your health.
You are immune to rotting.


Message History

* * * LOW HITPOINT WARNING * * *
You feel very sick. You block Sigmund's attack.
You closely miss Sigmund. You bite Sigmund, but do no damage.
Sigmund is almost dead.
* * * LOW HITPOINT WARNING * * *
You feel very sick. You block Sigmund's attack.
You closely miss Sigmund. You bite Sigmund, but do no damage.
Sigmund is almost dead.
* * * LOW HITPOINT WARNING * * *
You feel sick. Sigmund hits you but does no damage.
You are more poisoned.
You hit Sigmund.
You kill Sigmund!
Okawaru accepts your kill.
Your life force feels restored.
Your Dodging skill increases to level 1!
Your Stealth skill increases to level 1!
You die...

.................#
...............###
..............#
.............# .
.#...........# ..
#...........#####
#.#...............#
#.............###.#
####)@.####.....#.#
#......# #.......#
#.###..# #...#.###
# #... #.###.#
#.### #.....# #.#
####### #.. ###


There were no monsters in sight!

Vanquished Creatures
  Sigmund (D:6)
  A phantom (D:2)
  An ice beast (D:5)
  2 crimson imps (D:5)
  A bullfrog zombie (D:5)
  2 hounds
  An orc priest (D:4)
  An orc wizard (D:5)
  Terence (D:3)
  Jessica (D:3)
  A worker ant (D:4)
  A hound skeleton (D:3)
  8 adders
  An ooze (D:5)
  6 worms
  A dart slug (D:3)
  A leopard gecko (D:5)
  5 orcs
  11 bats
  7 goblins
  12 hobgoblins
  5 jackals
  5 kobolds
  2 quokkas
  3 ball pythons
  3 frilled lizards
  A jackal zombie (D:5)
  A leopard gecko skeleton (D:5)
  9 rats
95 creatures vanquished.

Notes
Turn   | Place    | Note
-------+----------+-------------------------------------------
     0 | D:1      | Kairos the Vine Stalker Fighter began the quest for the
                  | Orb.
     0 | D:1      | Reached XP level 1. HP: 11/11 MP: 2/2
    46 | D:1      | Reached XP level 2. HP: 12/16 MP: 3/3
   369 | D:1      | Reached skill level 2 in Axes
   932 | D:2      | Reached XP level 3. HP: 20/20 MP: 4/4
  1283 | D:2      | Gained mutation: Your natural rate of healing is unusually
                  | fast. [Vine Stalker growth]
  1283 | D:2      | Reached XP level 4. HP: 23/24 MP: 5/5
  1645 | D:2      | Noticed a phantom
  1679 | D:2      | Killed a phantom
  1679 | D:2      | Reached skill level 3 in Axes
  1679 | D:2      | Reached XP level 5. HP: 11/28 MP: 3/6
  2081 | D:3      | Noticed Terence
  2098 | D:3      | Killed Terence
  2137 | D:3      | Noticed Jessica
  2141 | D:3      | Killed Jessica
  2141 | D:3      | Reached XP level 6. HP: 28/32 MP: 5/7
  2268 | D:3      | Found an ornate altar of the Wu Jian Council.
  2317 | D:3      | Found a deep blue altar of Sif Muna.
  2881 | D:4      | Found a staircase to the Ecumenical Temple.
  2900 | D:4      | Reached skill level 4 in Axes
  2937 | Temple   | Entered the Ecumenical Temple
  2994 | Temple   | Became a worshipper of Warmaster Okawaru
  3142 | D:4      | Found a white marble altar of Elyvilon.
  3142 | D:4      | Found a glowing golden altar of the Shining One.
  3143 | D:4      | Found a glowing silver altar of Zin.
  3300 | D:4      | Found a hazy altar of Hepliaklqana.
  3545 | D:5      | Entered Level 5 of the Dungeon
  3610 | D:5      | Found Venogawn's Food Emporium.
  3680 | D:5      | Found a snail-covered altar of Cheibriados.
  3763 | D:5      | Reached XP level 7. HP: 36/36 MP: 8/8
  3850 | D:5      | Found a sacrificial altar of Ru.
  4084 | D:5      | Reached * piety under Okawaru
  4084 | D:5      | Reached skill level 5 in Axes
  4540 | D:6      | Noticed Sigmund
  4554 | D:6      | HP: 1/36 [poisoned by Sigmund]
  4555 | D:6      | Killed Sigmund
  4555 | D:6      | Reached skill level 1 in Dodging
  4555 | D:6      | Reached skill level 1 in Stealth
  4555 | D:6      | Succumbed to Sigmund's poison

Skill      XL: |  1  2  3  4  5  6  7 |
---------------+----------------------+-----
Shields        | 3 4 |  4.5
Axes           | 2 3 4 5 |  5.8
Fighting       | 3 |  3.5
Armour         | 3 |  3.5
Dodging        | 1 |  1.0
Stealth        | 1 |  1.0

Action                   |  1- 3 |  4- 6 |  7- 9 || total
-------------------------+-------+-------+-------++-------
Melee: War axe           |    90 |   151 |    68 ||   309
       Bite              |    17 |    47 |    24 ||    88
  Use: Scroll            |       |     4 |     3 ||     7
 Stab: Paralysed         |       |       |     1 ||     1
  Eat: Chunk             |     1 |     4 |     4 ||     9
       Ration            |       |     1 |       ||     1
Armor: Scale mail        |    59 |    29 |       ||    88
       Chain mail        |       |    19 |    23 ||    42
Dodge: Dodged            |    30 |    30 |    10 ||    70
Block: Shield            |    68 |   132 |    54 ||   254
       Reflection        |       |    11 |       ||    11
